 Dungeon Crawl Stone Soup version 0.30.0-29-ga12c61a403 (webtiles) character file.

Game seed: 4546667014112997980

2326 safid the Frost Mage (level 9, -2/72 HPs)
             Began as a Merfolk Ice Elementalist on June 14, 2023.
             Slain by an unseen horror (7 damage)
             ... on level 8 of the Dungeon.
             The game lasted 00:12:01 (7691 turns).

safid the Frost Mage (Merfolk Ice Elementalist)     Turns: 7691, Time: 00:12:02

Health: -2/72      AC: 11    Str:  8    XL:     9   Next: 42%
Magic:  13/19      EV: 12    Int: 18    God:
Gold:   392        SH:  0    Dex: 15    Spells: 9/21 levels left

rFire   . . .        d - +0 dagger (freeze)
rCold   + . .        (no shield)
rNeg    + . .        r - +1 robe {rN+}
rPois   .            (no helmet)
rElec   .            (no cloak)
rCorr   +            (no gloves)
SInv    .            (no boots)
Will    .....        e - amulet of magic regeneration
Stlth   ++           m - ring of resist corrosion
HPRegen 0.32/turn    o - ring of protection from cold
MPRegen 0.56/turn

%: no passive effects
@: ice-armoured, freezing walls
A: (nimble swimmer 2), mertail
a: no special abilities


You were on level 8 of the Dungeon.
You visited 1 branch of the dungeon, and saw 8 of its levels.

You collected 392 gold pieces.

Inventory:

Hand Weapons
 d - a +0 dagger of freezing (weapon)
Armour
 r - a +1 robe of positive energy (worn)
Jewellery
 e - an amulet of magic regeneration (around neck)
 m - a ring of resist corrosion (left hand)
 o - a ring of protection from cold (right hand)
Wands
 g - a wand of paralysis (2)
 t - a wand of roots (14)
Scrolls
 a - 2 scrolls of blinking
 c - a scroll of butterflies
 h - 2 scrolls of fear
 i - 2 scrolls of teleportation
 k - a scroll of immolation {unknown}
 p - a scroll of brand weapon {unknown}
 q - a scroll of vulnerability {unknown}
 s - a scroll of enchant armour
Potions
 b - a potion of magic
 f - 2 potions of lignification
 j - 3 potions of flight
 l - a potion of brilliance
 n - a potion of might
 u - a potion of haste {unknown}
 v - a potion of ambrosia {unknown}
 x - 4 potions of curing {unknown}


   Skills:
 + Level 7.5 Fighting
 - Level 2.6 Dodging
 - Level 2.1 Stealth
 + Level 6.7 Spellcasting
 + Level 1.6 Translocations
 + Level 8.8 Ice Magic


You had 9 spell levels left.
You knew the following spells:

 Your Spells              Type           Power      Damage    Failure   Level
a - Freeze                Ice            100%       1d10      1%          1
b - Frozen Ramparts       Ice            76%        1d12      1%          3
c - Ozocubu's Armour      Ice            38%        N/A       1%          3
d - Hailstorm             Conj/Ice       22%        3d7       5%          3
e - Blink                 Tloc           24%        N/A       9%          2

Your spell library contained the following spells:

 Spells                   Type           Power      Damage    Failure   Level
 Lesser Beckoning         Tloc           24%        N/A       9%          2
 Slow                     Hex            24%        N/A       11%         1
 Momentum Strike          Conj/Tloc      18%        3d8       12%         2
 Summon Ice Beast         Ice/Summ       22%        N/A       19%         4
 Volatile Blastmotes      Fire/Tloc      18%        2d11      24%         3
 Confusing Touch          Hex            6%         N/A       32%         3
 Dazzling Flash           Conj/Hex       12%        N/A       32%         3
 Vampiric Draining        Necr           6%         2d6       32%         3
 Iskenderun's Mystic Bla  Conj/Tloc      9%         2d4       61%         4
 Starburst                Conj/Fire      3%         6d3       100%        6


Dungeon Overview and Level Annotations

Branches:
Dungeon (8/15)             Temple (0/1) D:4
   Lair: D:8-11

Altars:
Fedhas
Ru
Trog
Wu Jian
Xom
Zin
The Shining One

Annotations:
D:7 2 transporters, middlethird's ghost, novice VSAE


Innate Abilities, Weirdness & Mutations

((You are very nimble when in or above water. (Stealth+, EV+, Speed+++)))
Your lower body shifts to a powerful aquatic tail in water.


Message History

The bullfrog seems to slow down.
Something hits you.
The bullfrog hits you but does no damage.
Casting: Freeze (safe; 1% risk of failure)
Confirm with . or Enter, or press ? or * to list all spells.
Aiming: Freeze (safe; 1% risk of failure)
Press: ? - help, Shift-Dir - straight line, f/p - bullfrog
Aim: a bullfrog (almost dead, slow)
You freeze the bullfrog!
You kill the bullfrog!
Something hits you.
Unknown command.
Casting: Freeze (safe; 1% risk of failure)
Confirm with . or Enter, or press ? or * to list all spells.
You can't see any susceptible monsters within range! (Use Z to cast anyway.) Unknown command.
Casting: Freeze (safe; 1% risk of failure)
Confirm with . or Enter, or press ? or * to list all spells.
Casting: Frozen Ramparts (safe; 1% risk of failure)
Press: ? - help, Dir - look around, f - activate The walls around you are covered in ice.
The wall freezes something. x2; Something hits you!
* * * LOW HITPOINT WARNING * * *
The wall freezes something but does no damage.
Something barely misses you.
Unknown command.
Casting: Frozen Ramparts (safe; 1% risk of failure)
Confirm with . or Enter, or press ? or * to list all spells.
A film of ice covers your body!
The wall freezes something.
Something hits you.
* * * LOW HITPOINT WARNING * * *
The wall freezes something.
Something hits you.
* * * LOW HITPOINT WARNING * * *
The wall freezes something.
Something hits you but does no damage.
The wall freezes something but does no damage. x2
Unknown command.
The wall freezes something.
Something hits you but does no damage.
The wall freezes something.
Something hits you but does no damage.
The wall freezes something.
Something hits you!
* * * LOW HITPOINT WARNING * * *
The wall freezes something.
Something hits you!
You die...

#.. #....# #..
#....# #... #....#
#....#....#
#....#....#
#.........#####
.......#......#
#.@......#######
#................#
#..................#
#........####...<..#
.".#.....## #......#
.....#...# #......#
.......#.# #......#
........# #......#
#......#


There were no monsters in sight!

Vanquished Creatures
  Sigmund (D:6)
  A wyvern (D:7)
  A sky beast (D:7)
  4 ice beasts
  2 black bears
  An ogre (D:5)
  A centaur (D:7)
  3 bullfrogs
  3 scorpions
  A howler monkey (D:6)
  2 jellies
  3 orc priests
  2 hounds
  5 sleepcaps
  4 iguanas
  6 orc wizards
  6 adders
  4 gnolls (D:5)
  3 white imps
  An ufetubus (D:7)
  A dart slug (D:1)
  22 orcs
  4 bats
  5 endoplasms
  A giant cockroach (D:3)
  3 goblins
  10 hobgoblins
  5 kobolds
  3 quokkas (D:1)
  10 ball pythons
  6 frilled lizards
  5 rats
129 creatures vanquished.

Notes
Turn   | Place    | Note
-------+----------+-------------------------------------------
     0 | D:1      | safid the Merfolk Ice Elementalist began the quest for the
                  | Orb.
     0 | D:1      | Reached XP level 1. HP: 13/13 MP: 3/3
   243 | D:1      | Reached XP level 2. HP: 20/20 MP: 5/5
   322 | D:1      | Reached skill level 1 in Fighting
   650 | D:1      | Reached XP level 3. HP: 22/26 MP: 6/6
  1308 | D:2      | Found a faded altar of an unknown god.
  1710 | D:3      | Reached skill level 5 in Ice Magic
  1710 | D:3      | Reached XP level 4. HP: 33/33 MP: 4/8
  2434 | D:3      | Reached XP level 5. HP: 39/39 MP: 7/9
  2659 | D:4      | Learned a level 3 spell: Frozen Ramparts
  2663 | D:4      | Learned a level 3 spell: Ozocubu's Armour
  2910 | D:4      | Reached XP level 6. HP: 47/47 MP: 8/11
  2984 | D:4      | Found a shimmering altar of Xom.
  3128 | D:4      | Found a sacrificial altar of Ru.
  3128 | D:4      | Found a bloodstained altar of Trog.
  3152 | D:4      | Found a staircase to the Ecumenical Temple.
  3201 | D:4      | Found an ornate altar of the Wu Jian Council.
  3370 | D:5      | Entered Level 5 of the Dungeon
  3561 | D:5      | Reached skill level 6 in Ice Magic
  3643 | D:5      | Reached XP level 7. HP: 52/54 MP: 9/13
  4306 | D:5      | Found a glowing golden altar of the Shining One.
  4495 | D:6      | Found a blossoming altar of Fedhas.
  4649 | D:6      | HP: 1/55 [ice beast (5)]
  4928 | D:6      | Noticed Sigmund
  4944 | D:6      | Reached skill level 5 in Fighting
  4957 | D:6      | Killed Sigmund
  4958 | D:6      | Reached skill level 5 in Spellcasting
  4958 | D:6      | Reached skill level 7 in Ice Magic
  4958 | D:6      | Reached XP level 8. HP: 10/63 MP: 13/15
  5553 | D:6      | HP: 2/64 [ice beast (5)]
  5973 | D:6      | Found a glowing silver altar of Zin.
  6038 | D:7      | Found a transporter.
  6215 | D:7      | Found a transporter.
  6219 | D:7      | Noticed middlethird's ghost (novice VSAE)
  6232 | D:7      | Reached skill level 8 in Ice Magic
  6316 | D:7      | Learned a level 3 spell: Hailstorm
  6329 | D:7      | Reached XP level 9. HP: 42/71 MP: 14/18
  6346 | D:7      | Learned a level 2 spell: Blink
  6521 | D:7      | Reached skill level 1 in Translocations
  7691 | D:8      | Slain by an unseen horror

Illustrated notes

Levels and vault maps discovered:
D:1:      giann_bridges, layout_basic
D:2:      layout_loops_ring, chequers_ecumenical_altar_lobes
D:3:      layout_basic
D:4:      layout_rooms, gammafunk_temple_overflow_wave, lemuel_doored_altar,
          pf_just_have_faith, minmay_temple_entry_from_below_a, st_stairs_11
D:5:      layout_basic, nicolae_tso_swordbearing_angel
D:6:      layout_loops_ring, overflow_temple_1_default,
          mainiacjoe_overflow_alcove_1, uniq_sigmund
D:7:      layout_loops_ring, gammafunk_ghost_stat_death
D:8:      layout_gridville, grunt_ashenzari_visionary
          [grunt_ashenzari_visionary_shoals, grunt_ashenzari_visionary_spider],
          serial_shops, shop, minmay_misc_feat_more_columns

Skill      XL: |  1  2  3  4  5  6  7  8  9 |
---------------+----------------------------+-----
Fighting       | 1 2 3 4 5 6 7 |  7.5
Ice Magic      | 5 6 7 8 |  8.8
Spellcasting   | 3 4 5 6 |  6.7
Translocations | 1 |  1.6
Dodging        | |  2.6
Stealth        | |  2.1

Action                     |  1- 3 |  4- 6 |  7- 9 || total
---------------------------+-------+-------+-------++-------
  Melee: Dagger            |    64 |    38 |   316 ||   418
         Punch             |       |     3 |     7 ||    10
   Cast: Freeze            |    25 |    66 |    30 ||   121
         Frozen Ramparts   |       |     3 |    22 ||    25
         Ozocubu's Armour  |       |     2 |    21 ||    23
  Evoke: Wand              |       |       |     2 ||     2
    Use: Scroll            |       |       |    13 ||    13
         Potion            |       |       |     3 ||     3
   Stab: Sleeping          |     7 |     2 |     1 ||    10
         Paralysed         |       |       |     3 ||     3
 Armour: Robe              |    10 |    13 |   140 ||   163
  Dodge: Dodged            |    54 |    47 |   198 ||   299
